 Dungeon Crawl Stone Soup version 0.26-a0-663-g36e8fdb655 (webtiles) character file.

Game seed: 5193787447036821504

438372 grandjackal the Warrior (level 22, -7/203 HPs)
             Began as a Pale Draconian Hedge Wizard on Oct 12, 2020.
             Was an Initiate of Gozag.
             Mangled by a deep troll (19 damage)
             ... on level 15 of the Dungeon on Oct 13, 2020.
             The game lasted 02:43:22 (90873 turns).

grandjackal the Warrior (DrWz)                     Turns: 90873, Time: 02:43:22

Health: -7/203     AC: 21    Str: 13    XL:     22   Next: 97%
Magic:  0/31       EV: 21    Int: 30    God:    Gozag
Gold:   13522      SH: 15    Dex: 14    Spells: 3/34 levels left

rFire    + . .     SeeInvis .   D - staff of air
rCold    . . .     Faith    .   X - +2 kite shield
rNeg     . . .     Spirit   +   (armour unavailable)
rPois    +         Reflect  .   w - +2 hat {Int+3}
rElec    +         Harm     .   r - +1 cloak
rCorr    .         Rampage  .   b - +2 pair of gloves {Dex+3}
MR       +++..                  g - +2 pair of boots {Fly}
Stlth    +.........             v - amulet of guardian spirit
HPRegen  0.43/turn              j - ring "Betwill" {rPois rF+ Stlth-}
MPRegen  0.22/turn              u - ring of the Mage {Wiz MR++ Int+3}

@: flying, studying Dodging
A: breathe steam, unfitting armour, cold-blooded, AC +11
}: 2/15 runes: decaying, serpentine
a: Breathe Steam, Potion Petition, Call Merchant, Bribe Branch, Renounce
Religion, Stop Flying


You were on level 15 of the Dungeon.
You worshipped Gozag.
Gozag was extremely pleased with you.
You visited 9 branches of the dungeon, and saw 40 of its levels.
You visited the Abyss 3 times.
You also visited: Wizlab.

You collected 21822 gold pieces.
You spent 6544 gold pieces at shops.
You paid 1756 gold pieces to Gozag.

Inventory:

Hand Weapons
 o - the +9 staff of Wucad Mu {channel}
   (You found it in a wizard's laboratory)
Armour
 b - a +2 pair of gloves of dexterity (worn)
 g - a +2 pair of boots of flying (worn)
 r - a +1 cloak (worn)
 w - a +2 hat of intelligence (worn)
 X - a +2 kite shield (worn)
Magical Staves
 D - an uncursed staff of air (weapon)
 L - an uncursed staff of fire
Jewellery
 j - the ring "Betwill" (left hand) {rPois rF+ Stlth-}
   (You bought it in a shop on level 3 of the Snake Pit)

   [ring of attention]

   It protects you from fire.
   It protects you from poison.
   It makes you less stealthy.
 t - an uncursed ring of ice
 u - the ring of the Mage (right hand) {Wiz MR++ Int+3}
   (You bought it in a shop on level 3 of the Snake Pit)

   [ring of wizardry]

   It improves your spell success rate.
   It affects your intelligence (+3).
   It affects your resistance to hostile enchantments.
 v - an amulet of guardian spirit (around neck)
 y - an uncursed ring of positive energy
 F - an uncursed ring of resist corrosion
Wands
 q - a wand of iceblast (18)
 G - a wand of polymorph (35)
 I - a wand of flame (91)
 K - a wand of paralysis (13)
 N - a wand of digging (18)
Scrolls
 a - 4 scrolls of teleportation
 c - 7 scrolls of blinking
 d - 8 scrolls of immolation
 s - 17 scrolls of remove curse
 z - a scroll of vulnerability
 A - 7 scrolls of fear
 H - 15 scrolls of identify
 J - a scroll of summoning
 O - 6 scrolls of holy word
 Q - 4 scrolls of fog
 Y - a scroll of magic mapping
Potions
 e - 6 potions of curing
 f - 6 potions of ambrosia
 h - 7 potions of brilliance
 i - 2 potions of magic
 k - 3 potions of resistance
 l - 2 potions of invisibility
 m - 2 potions of berserk rage
 n - 6 potions of haste
 p - 10 potions of heal wounds
 x - 3 potions of mutation
 U - 4 potions of cancellation
 V - 12 potions of lignification
 W - 3 potions of might
Books
 C - a manual of Dodging
Miscellaneous
 E - a phial of floods
 P - a box of beasts (3/3)
 R - a condenser vane (1/2)
 S - a lightning rod (4/4)
 T - a tin of tremorstones (3/3)
 Z - a phantom mirror


   Skills:
 - Level 18.5 Fighting
 - Level 12.2 Staves
 + Level 13.0 Dodging
 - Level 1.7 Stealth
 - Level 15.0 Shields
 + Level 6.5 Spellcasting
 + Level 15.0 Conjurations
   Level 1.0 Summonings
 - Level 4.0 Translocations
   Level 7.5 Fire Magic
 + Level 15.6 Air Magic
 - Level 6.7 Poison Magic
 + Level 17.8 Evocations


You had 3 spell levels left.
You knew the following spells:

 Your Spells              Type           Power        Failure   Level
a - Freezing Cloud        Conj/Ice/Air   #######...   4%          6
b - Blink                 Tloc           N/A          1%          2
d - Mephitic Cloud        Conj/Pois/Air  #######.     1%          3
e - Iskenderun's Battles  Conj           #######.     1%          5
f - Iskenderun's Mystic   Conj/Tloc      ######..     1%          4
g - Airstrike             Air            ########..   1%          4
h - Orb of Destruction    Conj           #######...   3%          7

Your spell library contained the following spells:

 Spells                   Type           Power        Failure   Level
 Magic Dart               Conj           ####         0%          1
 Shock                    Conj/Air       ####         0%          1
 Searing Ray              Conj           ######       0%          2
 Swiftness                Air            ########     0%          2
 Animate Skeleton         Necr           #.....       1%          1
 Apportation              Tloc           ####..       1%          1
 Beastly Appendage        Tmut           #.....       1%          1
 Freeze                   Ice            #...         1%          1
 Pain                     Necr           #...         1%          1
 Sting                    Tmut/Pois      ####         1%          1
 Call Imp                 Summ           ###.....     1%          2
 Poisonous Vapours        Pois/Air       ######       1%          2
 Conjure Flame            Conj/Fire      ######..     1%          3
 Dazzling Flash           Conj/Hex       ######       1%          3
 Gell's Gravitas          Tloc           ####......   1%          3
 Ignite Poison            Fire/Tmut/Pois #####...     1%          3
 Spider Form              Tmut/Pois      ####......   1%          3
 Static Discharge         Conj/Air       ########     1%          3
 Stone Arrow              Conj/Erth      ######       1%          3
 Teleport Other           Tloc           ####....     1%          3
 Portal Projectile        Hex/Tloc       ###...       2%          3
 Ensorcelled Hibernation  Hex/Ice        #.....       3%          2
 Passwall                 Tmut/Erth      #.......     3%          2
 Slow                     Hex            #.......     3%          2
 Sublimation of Blood     Necr           #.........   3%          2
 Wereblood                Tmut           #.......     3%          2
 Frozen Ramparts          Ice            #.....       6%          3
 Ozocubu's Armour         Ice            #.......     6%          3
 Vampiric Draining        Necr           #.........   6%          3
 Fulminant Prism          Conj/Hex       ######....   1%          4
 Hailstorm                Conj/Ice       ######..     1%          4
 Olgreb's Toxic Radiance  Pois           ######..     1%          4
 Lightning Bolt           Conj/Air       ########..   1%          5
 Bolt of Magma            Conj/Fire/Erth ######....   2%          5
 Silence                  Hex/Air        ######....   2%          5
 Iron Shot                Conj/Erth      ######....   14%         6
 Summon Ice Beast         Ice/Summ       ##......     16%         4
 Animate Dead             Necr           #.........   21%         4
 Cause Fear               Hex            #.........   21%         4
 Ice Form                 Ice/Tmut       #.......     21%         4
 Summon Forest            Summ/Tloc      ###.......   21%         5
 Summon Demon             Summ           ###.......   34%         5
 Summon Mana Viper        Hex/Summ       ##......     41%         5
 Agony                    Necr           #.......     45%         5
 Blade Hands              Tmut           #.........   45%         5
 Borgnjor's Vile Clutch   Necr/Erth      #.........   45%         5
 Yara's Violent Unravell  Hex/Tmut       #.........   45%         5
 Spellforged Servitor     Conj/Summ      ######....   52%         7
 Eringya's Noxious Bog    Tmut/Pois      ####......   56%         6
 Shadow Creatures         Summ           N/A          87%         6
 Death Channel            Necr           #.........   95%         6
 Invisibility             Hex            #.......     95%         6
 Tornado                  Air            ########..   96%         9
 Ignition                 Fire           ######....   99%         8
 Dragon Form              Tmut           #.........   100%        7
 Summon Hydra             Summ           ###.......   100%        7
 Discord                  Hex            #.........   100%        8
 Disjunction              Tloc           ####......   100%        8
 Shatter                  Erth           #.........   100%        9


Dungeon Overview and Level Annotations

Branches:
Dungeon (15/15)            Temple (1/1) D:7            Lair (6/6) D:9
  Swamp (4/4) Lair:2        Snake (4/4) Lair:4        Slime (0/5) Lair:5
    Orc (2/2) D:12            Elf (3/3) Orc:2        Vaults (4/5) D:14
  Crypt (0/3) Vaults:2     Depths (1/5) D:15         WizLab (visited)

Altars:
Ashenzari
Cheibriados
Dithmenos
Elyvilon
Fedhas
Gozag
Hepliaklqana
Makhleb
Okawaru
Qazlal
Ru
Sif Muna
Trog
Uskayaw
Vehumet
Xom
Yredelemnul
Zin
The Shining One
Beogh
Jiyva

Shops:
D:7 (   D:10 ?   D:11 (   D:13 [   Orc:2 }([!   Elf:2 *   Elf:3 :   Snake:2 ?
Snake:3 ?[=   Vaults:3 (:

Portals:
Trove: D:10 (give 13 potions of heal wounds)

Annotations:
D:4 2 transporters, YayAnonymity's ghost, novice DrBe
D:5 2 transporters, flotson's ghost, weakling DsDe
D:7 1 runed translucent door
D:12 Frances
Lair:2 3 runed translucent doors, Cato's ghost, journeyman DECj
Snake:4 Vashnia
Elf:2 4 runed translucent doors


Innate Abilities, Weirdness & Mutations

You can breathe blasts of scalding, opaque steam.
Your pale cyan-grey scales are hard. (AC +11)
You cannot fit into any form of body armour.
You are cold-blooded and may be slowed by cold attacks.


Message History

Unknown command.
Unknown command.
Casting: Airstrike (safe; 1% risk of failure)
Confirm with . or Enter, or press ? or * to list all spells.
You don't have enough magic to cast that spell.
You hit the deep troll.
The deep troll is electrocuted!!
Your tail-slap misses the deep troll.
The deep troll is severely wounded.
The spark wasp is engulfed in poison gas.
The spark wasp looks as sick as possible!
The deep troll is engulfed in poison gas.
The deep troll looks as sick as possible!
The deep troll barely misses you. The deep troll claws you!
* * * LOW HITPOINT WARNING * * *
The deep troll barely misses you.
The deep troll is engulfed in poison gas.
The deep troll looks as sick as possible!
You block the deep troll's attack. x2; The deep troll claws you!!
You die...
Your body crumbles into a pile of gold.

#...# # #...# # #...# # #...# #
###########...#### ##########
.......).........#######.........
.......)........##§....##........
........)......##T§.....#########
.........#######@T#####..)..##
.........# ##Ty§....##...##
.........# ##§§...###.8..##
.........# ########......#
.........# ##[..####
..((.....#################.......
.....[[................(.).......
...?..[..###############..(......
#######..# #.).######


You could see a spark wasp (extremely poisoned), 2 deep trolls and a deep troll
shaman (very poisoned).

Vanquished Creatures
  Mara (Swamp:3)
  Sojobo (Vaults:2)
  Boris (Vaults:3)
  Bai Suzhen (Snake:3)
  Saint Roka (Snake:4)
  Nikola (Vaults:3)
  Asterion (Vaults:3)
  Rupert (Lair:4)
  2 deep elf master archers (Elf:3)
  A deep elf blademaster (Elf:3)
  2 tentacled starspawn
  2 sphinxes (Vaults:4)
  A thorn hunter (Swamp:3)
  Kirke (Swamp:3)
  10 nagarajas
  2 tengu reavers (Vaults:2)
  9 deep elf sorcerers
  3 fire giants
  4 vault wardens
  Aizul (Swamp:2)
  2 orc warlords (Orc:2)
  13 ironheart preservers
  A frost giant (Vaults:1)
  4 deep elf elementalists
  2 entropy weavers (Vaults:4)
  9 stone giants
  A vampire knight (D:15)
  3 deep elf demonologists
  An orange crystal statue (WizLab)
  A deep elf annihilator (Elf:3)
  2 spark wasps (D:15)
  An ettin (Vaults:3)
  A fire dragon (Vaults:4)
  An eidolon (Vaults:4)
  A deep elf death mage (Elf:3)
  5 yaktaur captains
  11 ogre magi
  7 deep elf high priests (Elf:3)
  A great orb of eyes (Vaults:4)
  A hell beast (D:15)
  Harold (D:7)
  A quicksilver dragon zombie (Abyss:3)
  Josephine (D:10)
  4 vault guards
  5 rakshasas
  9 ice dragons
  19 hydras
  3 boulder beetles
  9 centaur warriors
  16 naga warriors
  4 death knights
  Erica (D:11)
  9 anacondas
  A catoblepas (Lair:3)
  27 two-headed ogres
  3 ghost crabs
  A tengu warrior (D:15)
  9 alligators
  A deep troll earth mage (Vaults:4)
  2 deep troll shamans
  19 naga sharpshooters
  4 spriggans
  3 orc high priests (Orc:2)
  3 thrashing horrors (Abyss:4)
  10 deep elf knights
  Sonja (Lair:4)
  9 shock serpents
  4 shadow wraiths
  14 skeletal warriors
  An unseen horror (D:13)
  A death drake (shapeshifter) (Vaults:2)
  2 salamander mystics (Snake:4)
  9 deep trolls
  5 flayed ghosts
  6 wizards
  A sixfirhy (Abyss:4)
  11 deep elf archers
  A golden dragon skeleton (Vaults:4)
  4 phantasmal warriors
  A glowing orange brain (Vaults:1)
  Pikel (D:4)
  5 spriggan druids (Swamp:4)
  8 swamp dragons
  4 naga ritualists
  A necromancer (D:14)
  8 ironbrand convokers
  10 orc knights
  A wolf spider zombie (D:15)
  A wolf spider (shapeshifter) (D:15)
  45 deep elf magi
  A lindwurm (Lair:6)
  8 harpies
  A mana viper (shapeshifter) (Vaults:1)
  7 mana vipers
  3 large abominations
  A shadow dragon skeleton (Vaults:4)
  A worldbinder (Abyss:3)
  7 wolf spiders
  37 ugly things
  7 salamanders
  A manticore (D:14)
  6 orc sorcerers
  5 cyclopes
  9 elephants
  2 oklob plants (Lair:3)
  2 guardian serpents
  An eye of devastation (Abyss:4)
  13 naga magi
  2 smoke demons
  12 vault sentinels
  2 torpor snails
  A rust devil (D:15)
  32 black mambas
  21 cane toads
  4 centaur skeletons
  2 orange demons (Abyss:3)
  4 gargoyles
  2 storm dragon simulacra (Vaults:4)
  A rime drake (Lair:6)
  23 yaktaurs
  2 efreet
  A freezing wraith (Vaults:4)
  2 rime drakes (shapeshifter)
  An ice devil (Abyss:4)
  A demonic crawler (Abyss:4)
  A kobold demonologist (D:15)
  4 tengu conjurers
  14 komodo dragons
  11 polar bears
  A queen bee (Lair:6)
  A troll (shapeshifter) (Vaults:4)
  An ancient zyme (Abyss:2)
  6 meliai
  2 jumping spiders (Vaults:4)
  9 tyrant leeches
  7 trolls
  8 hornets
  8 dream sheep
  Grinder (D:5)
  5 bog bodies
  A fire dragon zombie (Abyss:3)
  31 slime creatures
  25 blink frogs
  7 raiju
  A centaur simulacrum (D:15)
  4 shadows
  A tarantella (shapeshifter) (Vaults:4)
  9 water elementals
  A vampire (D:15)
  9 wraiths
  A yak (shapeshifter) (D:14)
  3 redbacks
  Grum (D:11)
  40 yaks
  2 ynoxinuls (Abyss:3)
  13 wyverns
  4 fire bats
  4 fire elementals
  8 hogs
  3 basilisks
  2 golden eyes (Vaults:4)
  A yaktaur simulacrum (Vaults:2)
  19 vampire mosquitoes
  4 insubstantial wisps (Vaults:4)
  14 swamp worms
  2 soldier ants
  2 spatial vortices (Vaults:4)
  11 wargs
  2 soldier ants (shapeshifter)
  60 nagas
  2 acid dragons
  19 hell hounds
  26 water moccasins
  45 orc warriors
  10 swamp drakes
  5 sky beasts
  11 black bears (Lair:6)
  2 hornet zombies
  A necrophage (D:6)
  34 ogres
  32 wolves
  17 centaurs
  8 ice beasts
  A lemure (D:4)
  5 big kobolds
  15 bullfrogs
  A gnoll sergeant (D:8)
  3 earth elementals
  2 wyvern skeletons
  2 scorpions
  A troll zombie (D:12)
  24 wights
  43 killer bees
  3 electric eels (D:9)
  9 small abominations
  A vampire bat (Vaults:4)
  13 howler monkeys
  A bullfrog zombie (D:10)
  3 centaur zombies
  A quasit (Abyss:2)
  23 orc priests
  Crazy Yiuf (D:4)
  6 hounds
  6 jellies
  Jessica (D:13)
  A bullfrog skeleton (D:5)
  7 iguanas
  40 orc wizards
  16 worker ants
  7 ogre zombies (D:12)
  2 bullfrog simulacra (D:9)
  An ogre skeleton (Abyss:4)
  2 hound skeletons
  2 howler monkey zombies
  2 worker ant zombies
  15 adders
  8 gnolls
  A howler monkey skeleton (D:5)
  8 white imps
  A howler monkey simulacrum (D:9)
  A worker ant simulacrum (D:9)
  An ufetubus (D:5)
  An ooze (D:4)
  An adder skeleton (D:5)
  2 worms
  11 dart slugs
  An adder simulacrum (D:9)
  7 leopard geckos
  117 orcs
  10 giant cockroaches
  11 goblins
  6 hobgoblins
  17 jackals
  6 quokkas
  4 ball pythons
  3 bats
  3 frilled lizards
  A goblin skeleton (D:12)
  4 goblin zombies (D:12)
  4 hobgoblin zombies (D:12)
  9 kobolds
  A leopard gecko skeleton (D:4)
  2 orc skeletons (D:12)
  14 orc zombies (D:12)
  A quokka skeleton (D:8)
  6 rats
  3 briar patches (Swamp:3)
  A bush (Lair:6)
  2 butterflies
  3 starspawn tentacles
1765 creatures vanquished.

Vanquished Creatures (collateral kills)
  Mennas (Vaults:3)
  2 bone dragons
  Jorgrun (Orc:1)
  A deep elf master archer (Elf:3)
  An eldritch tentacle (Vaults:4)
  A deep elf sorcerer (Elf:3)
  A deep elf annihilator (Elf:3)
  A deep elf death mage (Elf:3)
  A catoblepas (Lair:4)
  4 hydras (Swamp:4)
  A ghost crab (Vaults:4)
  A shambling mangrove (Swamp:2)
  2 alligators (Swamp:4)
  6 dancing weapons
  A naga sharpshooter (Snake:4)
  A golden dragon skeleton (Vaults:4)
  2 deep elf archers (Vaults:3)
  2 swamp dragons (Swamp:4)
  7 deep elf magi
  A black mamba (Lair:4)
  A demonic crawler (Abyss:3)
  A golden dragon simulacrum (Vaults:4)
  3 slime creatures (Swamp:4)
  3 blink frogs
  A shadow (Swamp:4)
  An insubstantial wisp (Abyss:3)
  2 nagas (Snake:4)
  3 swamp drakes (Swamp:4)
  A briar patch (Swamp:3)
54 creatures vanquished.

Vanquished Creatures (others)
  A deep elf sorcerer (Elf:3)
  A two-headed ogre (Vaults:3)
  2 hydras (Swamp:4)
  13 dancing weapons
  A shock serpent (Snake:4)
  A wolf spider (Vaults:3)
  2 deep elf magi (Elf:3)
  A naga (Snake:4)
  2 ogres
  2 orcs (Vaults:3)
  41 fungi
  A lurking horror (Abyss:3)
  169 plants
  4 starspawn tentacles
241 creatures vanquished.

Grand Total: 2060 creatures vanquished

Notes
Turn   | Place    | Note
-------+----------+-------------------------------------------
     0 | D:1      | grandjackal the Draconian Hedge Wizard began the quest for
                  | the Orb.
     0 | D:1      | Reached XP level 1. HP: 14/14 MP: 4/4
   339 | D:1      | Reached XP level 2. HP: 11/22 MP: 6/6
   635 | D:1      | Reached skill level 1 in Fighting
  1285 | D:1      | Learned a level 2 spell: Blink
  1406 | D:2      | Reached XP level 3. HP: 28/28 MP: 3/7
  1741 | D:2      | Found a glowing golden altar of the Shining One.
  2123 | D:2      | Learned a level 3 spell: Conjure Flame
  2279 | D:3      | Reached XP level 4. HP: 33/36 MP: 3/9
  2335 | D:2      | Learned a level 3 spell: Mephitic Cloud
  3032 | D:3      | Reached skill level 2 in Fighting
  3032 | D:3      | Reached skill level 1 in Shields
  3605 | D:3      | Found a hide-covered altar of Uskayaw.
  3948 | D:3      | Reached XP level 5. HP: 41/41 MP: 10/10
  4172 | D:3      | Found a shimmering altar of Xom.
  4467 | D:4      | Found a transporter.
  4470 | D:4      | Noticed YayAnonymity's ghost (novice DrBe)
  4473 | D:4      | Noticed an ogre
  4484 | D:4      | Found a transporter.
  4972 | D:4      | Noticed Pikel
  4972 | D:4      | Noticed a lemure
  4975 | D:4      | Killed a lemure
  4975 | D:4      | Noticed a lemure
  4976 | D:4      | Killed Pikel
  4976 | D:4      | Reached skill level 4 in Fighting
  4976 | D:4      | Reached XP level 6. HP: 40/52 MP: 11/11
  4976 | D:4      | Your scales start taking on a pale cyan-grey colour.
  4976 | D:4      | Reached XP level 7. HP: 46/59 MP: 12/12
  5538 | D:4      | Found a stormy altar of Qazlal.
  5685 | D:4      | Found a runed translucent door.
  5686 | D:4      | Noticed Crazy Yiuf
  5835 | D:4      | Killed Crazy Yiuf
  5899 | D:5      | Entered Level 5 of the Dungeon
  5956 | D:5      | Reached skill level 1 in Fire Magic
  5956 | D:5      | Reached skill level 1 in Air Magic
  6110 | D:5      | Reached XP level 8. HP: 55/67 MP: 13/13
  6201 | D:5      | Found a transporter.
  6204 | D:5      | Found a transporter.
  6205 | D:5      | Noticed flotson's ghost (weakling DsDe)
  6206 | D:5      | Noticed a hornet
  6300 | D:5      | Reached skill level 5 in Fighting
  6463 | D:5      | Reached skill level 1 in Evocations
  6676 | D:5      | Noticed Grinder
  6676 | D:5      | Paralysed by Grinder for 4 turns
  6690 | D:5      | Killed Grinder
  6690 | D:5      | Reached skill level 5 in Conjurations
  7068 | D:5      | You fall into a shaft and drop 1 floor!
  7916 | D:6      | Found a radiant altar of Vehumet.
  8016 | D:6      | Found a burning altar of Makhleb.
  8018 | D:6      | Found a radiant altar of Vehumet.
  8018 | D:6      | Found a hide-covered altar of Uskayaw.
  8020 | D:6      | Found a shimmering altar of Xom.
  8020 | D:6      | Found an opulent altar of Gozag.
  8020 | D:6      | Found a glowing silver altar of Zin.
  8455 | D:7      | Reached XP level 9. HP: 73/75 MP: 14/14
  8600 | D:7      | Found Ziunoom's Antique Weapon Emporium.
  8632 | D:7      | Found a runed translucent door.
  8633 | D:7      | Found a runed translucent door.
  8636 | D:7      | Reached skill level 6 in Fighting
  8928 | D:7      | Found a shadowy altar of Dithmenos.
  8942 | D:7      | Found a staircase to the Ecumenical Temple.
  8952 | Temple   | Entered the Ecumenical Temple
  9084 | Temple   | Became a worshipper of Gozag Ym Sagoz the Greedy
  9155 | D:7      | Noticed Harold
  9186 | D:7      | Killed Harold
  9464 | D:7      | Found a broken altar of Ashenzari.
  9485 | D:7      | Reached skill level 5 in Air Magic
  9491 | D:7      | Reached skill level 5 in Fire Magic
  9509 | D:7      | Reached skill level 7 in Fighting
 10157 | D:8      | Reached skill level 5 in Evocations
 10206 | D:8      | Reached XP level 10. HP: 77/86 MP: 15/15
 10791 | D:8      | Found a burning altar of Makhleb.
 10794 | D:8      | Found a basalt altar of Yredelemnul.
 10794 | D:8      | Noticed a two-headed ogre
 10822 | D:8      | Killed a two-headed ogre
 11492 | D:8      | Found a white marble altar of Elyvilon.
 11498 | D:8      | Noticed a two-headed ogre
 11522 | D:8      | Killed a two-headed ogre
 11522 | D:8      | Reached skill level 8 in Fighting
 13304 | D:9      | Reached XP level 11. HP: 82/95 MP: 14/16
 15133 | D:9      | Found a staircase to the Lair.
 15406 | D:10     | Entered Level 10 of the Dungeon
 15682 | D:10     | Found Juishit's Magic Scroll Boutique.
 15709 | D:10     | Bought a scroll of amnesia for 52 gold pieces
 15709 | D:10     | Bought a scroll of random uselessness for 15 gold pieces
 15709 | D:10     | Bought a scroll of remove curse for 45 gold pieces
 15709 | D:10     | Bought a scroll of fear for 52 gold pieces
 15709 | D:10     | Bought a scroll of noise for 15 gold pieces
 15766 | D:10     | Found a portal to a secret trove of treasure.
 15940 | D:10     | Noticed Josephine
 15947 | D:10     | Reached skill level 9 in Fighting
 15952 | D:10     | Killed Josephine
 15952 | D:10     | Reached skill level 1 in Poison Magic
 16643 | D:11     | Noticed Erica
 16687 | D:11     | Killed Erica
 16978 | D:11     | Found Meytun's Antique Weapon Shoppe.
 17012 | D:11     | Noticed a red ugly thing
 17031 | D:11     | Killed a green ugly thing
 17609 | D:11     | Noticed a two-headed ogre
 17628 | D:11     | Killed a two-headed ogre
 17628 | D:11     | Reached skill level 1 in Staves
 17869 | D:11     | Noticed Grum
 17885 | D:11     | Killed Grum
 18176 | D:12     | Found a staircase to the Orcish Mines.
 18211 | D:12     | Noticed a two-headed ogre
 18509 | D:12     | Killed a two-headed ogre
 18840 | D:12     | Noticed a boulder beetle
 18844 | D:12     | Killed a boulder beetle
 18844 | D:12     | Reached XP level 12. HP: 106/106 MP: 17/17
 19023 | D:12     | Reached skill level 10 in Fighting
 19319 | D:12     | Noticed Frances
 19709 | Orc:1    | Entered Level 1 of the Orcish Mines
 20727 | Orc:2    | Entered Level 2 of the Orcish Mines
 20833 | Orc:2    | Noticed a two-headed ogre
 20851 | Orc:1    | Killed a two-headed ogre
 21615 | Orc:1    | Noticed Jorgrun
 21628 | Orc:1    | Killed Jorgrun
 21628 | Orc:1    | Reached skill level 5 in Poison Magic
 22868 | Orc:2    | Found a roughly hewn altar of Beogh.
 22869 | Orc:2    | Found Enent's Gadget Shop.
 23062 | Orc:2    | Bought a lightning rod (4/4) for 600 gold pieces
 23062 | Orc:2    | Bought a tin of tremorstones (3/3) for 600 gold pieces
 23214 | Orc:2    | Noticed an orc high priest
 23214 | Orc:2    | Noticed a stone giant
 23228 | Orc:2    | Killed an orc high priest
 23565 | Orc:2    | Killed a stone giant
 23565 | Orc:2    | Reached skill level 5 in Staves
 23798 | Orc:2    | Reached skill level 10 in Air Magic
 24023 | Orc:2    | Found a roughly hewn altar of Beogh.
 24187 | Orc:1    | Reached skill level 11 in Fighting
 24471 | Orc:2    | Paralysed by an orc sorcerer for 6 turns
 24484 | Orc:2    | Reached XP level 13. HP: 92/116 MP: 18/18
 24764 | Orc:2    | Found a roughly hewn altar of Beogh.
 24764 | Orc:2    | Noticed an orc warlord
 24766 | Orc:2    | Found Tebux's Distillery.
 24788 | Orc:2    | Killed an orc warlord
 25057 | Orc:2    | Bought a potion of cancellation for 96 gold pieces
 25057 | Orc:2    | Bought a potion of heal wounds for 60 gold pieces
 25057 | Orc:2    | Bought a potion of lignification for 36 gold pieces
 25057 | Orc:2    | Bought a potion of might for 48 gold pieces
 25069 | Orc:2    | Found a staircase to the Elven Halls.
 25077 | Orc:2    | Reached skill level 10 in Evocations
 26590 | Orc:2    | Noticed an orc warlord
 26607 | Orc:2    | Killed an orc warlord
 26647 | Orc:2    | Found Zuydor's Antique Weapon Shoppe.
 26648 | Orc:2    | Found a roughly hewn altar of Beogh.
 26649 | Orc:2    | Found Erua's Antique Armour Emporium.
 27031 | Lair:1   | Entered Level 1 of the Lair of Beasts
 29053 | Lair:2   | Identified a scroll of acquirement
 29053 | Lair:2   | Acquired an uncursed staff of air
 29082 | Lair:2   | Found a staircase to the Swamp.
 29114 | Lair:2   | Reached skill level 5 in Shields
 29686 | Lair:2   | Found a runed translucent gate.
 29686 | Lair:2   | Found a runed translucent gate.
 29687 | Lair:2   | Found a runed translucent gate.
 29689 | Lair:2   | Noticed Cato's ghost (journeyman DECj)
 30452 | Lair:3   | Reached skill level 12 in Fighting
 31655 | Lair:3   | Reached skill level 5 in Dodging
 31655 | Lair:3   | Reached XP level 14. HP: 122/126 MP: 19/19
 32394 | Lair:4   | Noticed Rupert
 32421 | Lair:4   | Killed Rupert
 32875 | Lair:4   | Found a staircase to the Snake Pit.
 32906 | Lair:4   | Noticed Sonja
 32908 | Lair:4   | Killed Sonja
 35126 | Lair:5   | Found a viscous altar of Jiyva.
 35126 | Lair:5   | Found a staircase to the Slime Pits.
 35294 | Lair:6   | Entered Level 6 of the Lair of Beasts
 39331 | Lair:6   | Reached skill level 13 in Fighting
 40191 | Lair:6   | Reached XP level 15. HP: 87/135 MP: 13/20
 41888 | D:13     | Found Dikkuf's Armour Shop.
 42872 | D:13     | Noticed Jessica
 42875 | D:13     | Killed Jessica
 42880 | D:13     | Found a shimmering blue altar of Sif Muna.
 45028 | D:14     | Reached skill level 10 in Staves
 45878 | D:14     | Found a gate to the Vaults.
 45914 | D:15     | Entered Level 15 of the Dungeon
 46319 | D:15     | Reached skill level 14 in Fighting
 46447 | D:15     | Found a staircase to the Depths.
 47062 | D:15     | Reached XP level 16. HP: 126/146 MP: 18/21
 48504 | Elf:1    | Entered Level 1 of the Elven Halls
 50442 | Elf:1    | Reached skill level 10 in Shields
 50795 | Elf:1    | Identified the Almanac of Creative Confrontation
 51241 | Elf:2    | Found Hubaq's Assorted Antiques.
 51491 | Elf:2    | Bought a glowing emerald potion for 17 gold pieces
 52984 | Elf:2    | Found a large runed translucent door.
 52984 | Elf:2    | Found a large runed translucent door.
 53007 | Elf:2    | Found a large runed translucent door.
 53007 | Elf:2    | Found a large runed translucent door.
 53181 | Elf:3    | Entered Level 3 of the Elven Halls
 53640 | Elf:3    | Found Kenuus's Book Emporium.
 53648 | Elf:3    | Bought a book of Power for 630 gold pieces
 53654 | Elf:3    | Learned a level 5 spell: Iskenderun's Battlesphere
 53660 | Elf:3    | Learned a level 4 spell: Iskenderun's Mystic Blast
 55254 | Elf:3    | Reached XP level 17. HP: 126/154 MP: 14/22
 55256 | Elf:3    | Reached skill level 15 in Fighting
 55391 | Elf:3    | Noticed a deep elf blademaster
 55398 | Elf:3    | Noticed a deep elf master archer
 55407 | Elf:3    | Killed a deep elf blademaster
 55407 | Elf:3    | Reached skill level 10 in Dodging
 55760 | Elf:3    | Killed a deep elf master archer
 56121 | Elf:3    | Noticed a deep elf master archer
 56124 | Elf:3    | Killed a deep elf master archer
 56128 | Elf:3    | Identified the +1 dire flail of the Doomed Warrior
                  | {protect, rF+ MR+ Str+3}
 56256 | Elf:3    | Cast into level 2 of the Abyss (a deep elf demonologist)
 56260 | Abyss:2  | Found a corrupted altar of Lugonu.
 56445 | Abyss:2  | Noticed a bone dragon
 56536 | Elf:3    | Escaped the Abyss
 56626 | Elf:3    | Noticed a Tzitzimitl
 56790 | Elf:3    | Cast into level 4 of the Abyss (a deep elf sorcerer)
 57059 | Elf:3    | Escaped the Abyss
 57061 | Elf:3    | Noticed a deep elf master archer
 57066 | Elf:3    | Killed a deep elf master archer
 57296 | Elf:3    | Cast into level 3 of the Abyss (a deep elf sorcerer)
 57357 | Abyss:3  | Reached skill level 10 in Conjurations
 58061 | Abyss:3  | Noticed a bone dragon
 58075 | Abyss:3  | Killed a bone dragon
 58111 | Elf:3    | Escaped the Abyss
 58339 | Elf:3    | Reached skill level 15 in Evocations
 58698 | Elf:3    | Learned a level 4 spell: Airstrike
 59029 | Snake:1  | Entered Level 1 of the Snake Pit
 59920 | Snake:1  | Reached XP level 18. HP: 120/166 MP: 17/23
 61359 | Snake:2  | Found Calydej's Magic Scroll Boutique.
 61428 | Snake:2  | Bought a scroll of acquirement for 884 gold pieces
 61428 | Snake:2  | Bought a scroll of fear for 59 gold pieces
 61428 | Snake:2  | Bought a scroll of blinking for 127 gold pieces
 61428 | Snake:2  | Bought a scroll of teleportation for 51 gold pieces
 61428 | Snake:2  | Bought a scroll of fear for 59 gold pieces
 61428 | Snake:2  | Acquired a +0 hat of intelligence
 61817 | Snake:2  | Found a bloodstained altar of Trog.
 63213 | Snake:3  | Reached skill level 16 in Fighting
 63934 | Snake:4  | Entered Level 4 of the Snake Pit
 64034 | Snake:4  | Noticed Saint Roka
 64047 | Snake:4  | Killed Saint Roka
 65243 | Snake:4  | Noticed Bai Suzhen
 65258 | Snake:4  | Noticed Vashnia
 65950 | Snake:3  | Killed Bai Suzhen
 67072 | Snake:4  | Reached XP level 19. HP: 93/174 MP: 13/24
 68771 | Snake:4  | Got a serpentine rune of Zot
 69634 | Snake:3  | Bought the ring of the Mage {Wiz MR++ Int+3} for 672 gold
                  | pieces
 69634 | Snake:3  | Found the ring of the Mage {Wiz MR++ Int+3}
 69639 | Snake:3  | Bought the ring "Betwill" {rPois rF+ Stlth-} for 334 gold
                  | pieces
 69653 | Snake:3  | Bought a scroll of blinking for 90 gold pieces
 69653 | Snake:3  | Bought a scroll of teleportation for 36 gold pieces
 69653 | Snake:3  | Bought a scroll of enchant armour for 90 gold pieces
 69776 | Swamp:1  | Entered Level 1 of the Swamp
 70622 | Swamp:1  | Reached skill level 17 in Fighting
 71186 | Swamp:2  | Noticed Aizul
 71446 | Swamp:2  | Killed Aizul
 72388 | Swamp:3  | Noticed Kirke
 72390 | Swamp:3  | Noticed Mara
 72404 | Swamp:3  | Killed Kirke
 72409 | Swamp:3  | Noticed grandjackal's illusion
 72515 | Swamp:4  | Entered Level 4 of the Swamp
 73477 | Swamp:4  | Got a decaying rune of Zot
 74314 | Swamp:3  | Noticed grandjackal's illusion
 74324 | Swamp:3  | Killed Mara
 75076 | Vaults:1 | Entered Level 1 of the Vaults
 75097 | Vaults:1 | You are sucked into a shaft and drop 1 floor!
 75815 | Vaults:1 | Reached XP level 20. HP: 101/184 MP: 14/25
 78801 | Vaults:1 | Reached skill level 18 in Fighting
 80261 | Vaults:2 | Noticed Sojobo
 80268 | Vaults:2 | Killed Sojobo
 80271 | Vaults:2 | Found a staircase to the Crypt.
 81150 | Vaults:3 | Found Tiogof's Antique Weapon Emporium.
 81287 | Vaults:3 | Noticed Asterion
 81300 | Vaults:3 | Killed Asterion
 81300 | Vaults:3 | Reached XP level 21. HP: 167/195 MP: 22/26
 81325 | Vaults:3 | Found a magical portal.
 81334 | WizLab   | Entered Wucad Mu's Monastery
 81410 | WizLab   | Found the +9 staff of Wucad Mu {channel}
 81464 | WizLab   | Reached skill level 15 in Shields
 81464 | WizLab   | Reached XP level 22. HP: 121/203 MP: 18/27
 81884 | Vaults:3 | Noticed Boris
 81954 | Vaults:3 | Found Extujes's Book Boutique.
 81954 | Vaults:3 | Noticed Nikola
 82416 | Vaults:3 | Noticed Mennas
 82438 | Vaults:3 | Killed Mennas
 82645 | Vaults:3 | Killed Nikola
 82729 | Vaults:3 | Bought a manual of Dodging for 1876 gold pieces
 83007 | Vaults:3 | Killed Boris
 84577 | Vaults:4 | Identified Eheigexe's Grimoire of the Oath
 84719 | Vaults:4 | Reached skill level 15 in Air Magic
 84720 | Vaults:4 | Reached skill level 5 in Spellcasting
 84751 | Vaults:4 | Identified the Collected Works on Transformation
 86478 | Vaults:4 | Identified the Volume of the Compass
 87651 | Vaults:4 | Identified the Guide on Evil Magic
 88531 | Vaults:4 | Learned a level 7 spell: Orb of Destruction
 88837 | Elf:2    | Learned a level 6 spell: Freezing Cloud
 89053 | Depths:1 | Entered Level 1 of the Depths
 90705 | D:15     | Reached skill level 15 in Conjurations
 90873 | D:15     | Mangled by a deep troll

Illustrated notes

Levels and vault maps discovered:
D:1:      sevenhm_arrival_forest_fort_large_4, layout_loops_ring, minivault_4
D:2:      layout_loops_ring, old_standard_altar, minmay_pentomino_q2
D:3:      kennysheep_slugbush, layout_basic, grunt_temple_overflow_open,
          kennysheep_generic_room_7
D:4:      layout_basic, grunt_qazlal_clouds, gammafunk_ghost_smash,
          uniq_crazy_yiuf_cottage, uniq_pikel
D:5:      layout_basic, gammafunk_ghost_hive, uniq_grinder
D:6:      layout_basic, lemuel_round_altar, doesnt_xom_only_xom
D:7:      lemuel_insect_pit, layout_basic, overflow_temple_1_default,
          nicolae_ashenzari_panopticon, minmay_temple_entry_gardened_gates,
          serial_shops, kennysheep_little_box, uniq_harold
D:8:      layout_loops_ring, elyvilon_altar_3, gammafunk_temple_overflow_statue,
          blue_anna_alchemist [blue_anna_fruit_fields, blue_anna_fruit_fields]
D:9:      layout_irregular_city, david_lair_shrubbed, serial_ice, serial_ice_e,
          serial_ice_h, serial_ice_m, serial_ice_b, serial_ice_f, serial_ice_c,
          serial_ice_a, serial_bayou_pond_b
D:10:     layout_rooms, nicolae_trove_entry_free_sample, serial_shops, shop,
          uniq_josephine
D:11:     layout_loops_cross, serial_shops, shop, uniq_erica, uniq_grum
D:12:     layout_roguey, zombieorc2_lemuel, uniq_frances
D:13:     layout_irregular_city, serial_shops, shop, tgw_sif
D:14:     layout_long_grid, david_vaults_1, serial_bayou_shore_b
D:15:     grunt_enter_depths_hoard, layout_long_grid, serial_bayou_pond_b
Temple:   minmay_temple_forest_path
Lair:1:   layout_roguey, minivault_24, lemuel_fruit_tree
Lair:2:   layout_hall_layers, skrybe_swamp_entry_bodies,
          gammafunk_ghost_hydra_chop, beast_lair_carwin_4, lemuel_fruit_fields,
          infiniplex_staircase_pool
Lair:3:   layout_gridlike, minmay_lair_oklob_chamber, grunt_megastairs_5
Lair:4:   layout_concentric_octagons, minmay_snake_entry_guardpost_small,
          uniq_sonja, uniq_rupert
Lair:5:   layout_roguey, slime_altar_1
Lair:6:   hangedman_lair_tendril_chambers, layout_loops_ring,
          hangedman_lair_caniforms_friends, special_room [special_room_bee],
          serial_forest, infiniplex_forest_clump_double,
          infiniplex_forest_straight_4, infiniplex_forest_lined_2,
          infiniplex_forest_clump_diagonal
Swamp:1:  layout_basic_swamp, evilmike_swamp_ruin_house_3
Swamp:2:  layout_basic_swamp, evilmike_swamp_ruin_rubble_2, uniq_aizul
Swamp:3:  layout_basic_swamp, nicolae_swamp_round_clearing, uniq_kirke,
          uniq_mara
Swamp:4:  swamp, layout_basic_swamp, swamp_pool3, infiniplex_staircase_pool_2
Snake:1:  layout_onion_interference
Snake:2:  layout_basic, basic_altar, serial_shops, shop
Snake:3:  layout_grid_maze
Snake:4:  minmay_snake_end_coiled, layout_rooms, grunt_ministairs_2,
          st_stairs_1, uniq_vashnia, uniq_bai_suzhen, uniq_saint_roka
Orc:1:    layout_diamond_mine, uniq_jorgrun
Orc:2:    grunt_orc_community_town_hall, layout_caves,
          grunt_orc_community_big_house_1, grunt_orc_community_big_house_1,
          grunt_orc_community_house_2, grunt_orc_community_house_3,
          grunt_orc_community_house_3, grunt_orc_community_house_1, elf_legates
Elf:1:    eino_elf_arrival_the_gate, layout_loops_corners, minmay_elf_sorcery
Elf:2:    layout_geoelf_octagon, serial_shops, nicolae_shop_overgrown_old_shop
Elf:3:    minmay_elf_hall_not_hex, layout_gridlike, serial_shops,
          nicolae_shop_statue_plus, columned_hall_lemuel
Vaults:1: nicolae_vaults_inception_statues, nicolae_vaults_three_branches,
          v_misc_14, v_misc_16, hangedman_vaults_hat, grunt_vaults_twisty,
          vaults_mumra_lcd, vaults_dpeg_cross, nicolae_vaults_murderbox,
          layout_vaults_chaotic_city
Vaults:2: nicolae_vaults_network_periphery, vaults_dpeg_diagonal, v_misc_28,
          nicolae_vaults_little_squares_1, grunt_vaults_trifunnel, v_misc_30,
          blue_anna_dwarven_crypt, hangedman_vaults_locks,
          vaults_dpeg_encased_lava, v_misc_1, grunt_vaults_focal,
          layout_vaults_maze_snakey, uniq_sojobo
Vaults:3: v_misc_27, ontoclasm_vaults_idyll, vaults_room_pools,
          grunt_vaults_hallway_long, vaults_mumra_chevron,
          hangedman_vaults_cutoff, ontoclasm_vaults_tryst,
          vaults_room_mumra_shop_pool, v_misc_18, vaults_room_pool,
          nicolae_vaults_asterisk, layout_vaults_ring, mu_enter_wizlab_4,
          serial_shops, shop, uniq_mennas, uniq_nikola, uniq_asterion,
          uniq_boris
Vaults:4: v_misc_5, v_misc_15, v_pattern_4, dpeg_vaults_monster_box, v_misc_27,
          grunt_vaults_hallway_long, ontoclasm_vaults_shuriken, v_misc_14,
          ontoclasm_vaults_gateway, layout_vaults_omnigrid,
          serial_hangedman_research, hangedman_research_quantum,
          hangedman_research_metamorphosis, hangedman_research_probablistics,
          hangedman_research_thanatology
Depths:1: minmay_gate_of_8, layout_cave_pools, grunt_mini_vestibule,
          hangedman_decor_push, minmay_misc_feat_roman,
          statue_in_the_mist_lemuel, lightli_giant_bouncers

Skill      XL: |  1  2  3  4  5  6  7  8  9 10 11 12 13 14 15 16 17 18 19 20 21 22 |
---------------+-------------------------------------------------------------------+-----
Dodging        | 2 5 6 8 9 10 11 13 | 13.0
Fighting       | 1 2 4 5 7 8 9 11 12 13 14 15 16 17 18 | 18.5
Conjurations   | 2 4 5 6 7 8 9 10 11 12 13 14 15 | 15.0
Shields        | 1 3 4 5 7 9 10 11 12 14 15 | 15.0
Translocations | 2 3 4 |  4.0
Fire Magic     | 1 3 5 7 |  7.5
Air Magic      | 1 3 5 7 8 10 11 13 14 15 | 15.6
Evocations     | 3 5 6 8 9 11 12 13 14 15 16 17 | 17.8
Poison Magic   | 3 6 |  6.7
Staves         | 2 5 7 9 10 11 12 | 12.2
Spellcasting   | 6 |  6.5
Stealth        | |  1.7
Summonings     | |  1.0

Action                   |  1- 3 |  4- 6 |  7- 9 | 10-12 | 13-15 | 16-18 | 19-21 | 22-24 || total
-------------------------+-------+-------+-------+-------+-------+-------+-------+-------++-------
Melee: Dagger            |   140 |   160 |   451 |   570 |       |       |       |       ||  1321
       Tailslap          |    13 |    12 |    40 |   120 |   198 |   176 |   226 |   151 ||   936
       Staff             |       |       |       |   644 |  1743 |  1620 |  1545 |  1009 ||  6561
Throw: Throwing net      |       |       |       |       |     1 |       |       |       ||     1
 Cast: Magic Dart        |    33 |    73 |       |    11 |    14 |   149 |    10 |       ||   290
       Mephitic Cloud    |       |       |     1 |     4 |     2 |     2 |     6 |       ||    15
       Conjure Flame     |       |       |       |     3 |       |       |       |       ||     3
       Blink             |       |       |       |     1 |     8 |     3 |       |       ||    12
       Iskenderun's Batt |       |       |       |       |       |    20 |     2 |       ||    22
       Airstrike         |       |       |       |       |       |     2 |     4 |     8 ||    14
       Freezing Cloud    |       |       |       |       |       |       |       |     1 ||     1
Invok: Call Merchant     |       |       |       |       |       |       |     3 |       ||     3
 Abil: Breathe Steam     |       |       |    27 |    99 |    66 |    30 |     1 |     2 ||   225
Evoke: Wand              |       |     3 |     3 |    24 |    15 |   101 |    26 |     4 ||   176
       Lightning rod     |       |       |       |     4 |    15 |    22 |    18 |     6 ||    65
       Tin of tremorston |       |       |       |     2 |     5 |    20 |     9 |     5 ||    41
       Box of beasts     |       |       |       |     1 |     1 |     9 |     5 |     6 ||    22
       Condenser vane    |       |       |       |       |     5 |     6 |     7 |     5 ||    23
       Phial of floods   |       |       |       |       |       |     4 |     1 |     2 ||     7
       Phantom mirror    |       |       |       |       |       |     3 |     2 |     4 ||     9
  Use: Scroll            |     3 |       |     5 |     9 |    14 |    19 |     8 |     8 ||    66
       Potion            |       |       |       |     1 |     3 |     7 |     4 |     3 ||    18
 Stab: Sleeping          |     3 |     1 |     6 |     1 |     1 |     1 |       |       ||    13
       Distracted        |       |       |     1 |     4 |    13 |     4 |    12 |     9 ||    43
       Confused          |       |       |     1 |     1 |     1 |       |    12 |       ||    15
       Paralysed         |       |       |       |       |       |       |    13 |       ||    13
Armor: Skin              |    51 |    49 |    98 |   357 |   588 |   417 |   253 |   245 ||  2058
Dodge: Dodged            |   123 |    92 |   161 |   566 |   990 |   710 |   604 |   423 ||  3669
Block: Buckler           |       |       |    44 |   199 |   309 |       |       |       ||   552
       Kite shield       |       |       |       |       |   189 |   914 |   783 |   576 ||  2462

Table legend: (Time is in decaauts)
 A = Elapsed time spent in this place.
 B = Non-inter-level travel time spent in this place.
 C = Inter-level travel time spent in this place.
 D = Time resting spent in this place.
 E = Time spent auto-exploring this place.
 F = Levels seen in this place.
 G = Mean time per level.
                   A        B        C        D        E       F      G
               +--------+--------+--------+--------+--------+-----+--------+
         Total |  88822 |  85887 |   2935 |  37545 |  31238 |  44 | 2018.7 |
       Dungeon |  28559 |  27358 |   1201 |  11094 |  10914 |  15 | 1903.9 |
        Temple |    185 |    132 |     53 |      0 |    123 |   1 |  185.0 |
          Lair |  15027 |  14572 |    455 |   7095 |   5063 |   6 | 2504.5 |
         Swamp |   4686 |   4524 |    162 |   1227 |   2488 |   4 | 1171.5 |
     Snake Pit |  10384 |  10218 |    166 |   4725 |   3771 |   4 | 2596.0 |
  Orcish Mines |   7193 |   6786 |    407 |   4218 |   1139 |   2 | 3596.5 |
   Elven Halls |   8482 |   8236 |    246 |   4598 |   1625 |   3 | 2827.3 |
        Vaults |  12530 |  12287 |    243 |   4022 |   5848 |   4 | 3132.5 |
        Depths |     84 |     84 |      0 |      0 |      0 |   1 |   84.0 |
         Abyss |   1268 |   1268 |      0 |    524 |      0 |   3 |  422.7 |
        Wizlab |    420 |    420 |      0 |     41 |    266 |   1 |  420.0 |
               +--------+--------+--------+--------+--------+-----+--------+

Top non-repeatable levels by time:
 Snake:3: 4750 daAuts
   Orc:2: 4700 daAuts
    D:15: 4088 daAuts
Vaults:4: 4034 daAuts
  Lair:6: 3964 daAuts
  Lair:5: 3886 daAuts
   Elf:2: 3290 daAuts
Vaults:2: 3131 daAuts
Vaults:1: 3099 daAuts
   Elf:1: 3096 daAuts
 Snake:4: 2712 daAuts
  Lair:2: 2493 daAuts
   Orc:1: 2493 daAuts
     D:8: 2485 daAuts
     D:9: 2377 daAuts
